 Dungeon Crawl Stone Soup version 0.24-a0-581-gc0fa6600bf (webtiles) character file.

Game seed: 2216999463886024209

78 Argons the Sneak (level 4, 19/19 HPs)
             Began as a Felid Warper on Aug 25, 2019.
             Was a Follower of Dithmenos.
             Quit the game on level 5 of the Dungeon.
             The game lasted 00:21:36 (5021 turns).

Argons the Sneak (Felid Warper)                     Turns: 5021, Time: 00:21:37

Health: 19/19      AC:  1    Str:  7    XL:     4   Next: 15%
Magic:  8/8        EV: 18    Int: 15    God:    Dithmenos [*.....]
Gold:   156        SH:  0    Dex: 16    Spells: 5/7 levels left
                                        Lives:  0   Deaths: 1

rFire    . . .     SeeInvis +     - Unarmed
rCold    . . .     Gourm    .   (shield unavailable)
rNeg     . . .     Faith    .   (armour unavailable)
rPois    .         Spirit   .   (helmet unavailable)
rElec    .         Reflect  .   (cloak unavailable)
rCorr    .         Harm     .   (gloves unavailable)
MR       .....                  (boots unavailable)
Stlth    ++++......             (no amulet)
HPRegen  0.06/turn              (no ring)
MPRegen  0.11/turn              (no ring)

@: wreathed by umbra, quick
A: very small, no armour, no weapons or thrown items, stealth, claws 1, fangs 3,
see invisible, carnivore, speed 1, shaggy fur 1, slow metabolism 1, sharp paws
a: Renounce Religion


You were on level 5 of the Dungeon.
You worshipped Dithmenos.
Dithmenos was aware of your devotion.
You were not hungry.

You visited 2 branches of the dungeon, and saw 6 of its levels.

You collected 156 gold pieces.

Inventory:

Jewellery
 j - an uncursed ring of fire {unknown}
 v - an uncursed ring of protection from cold {unknown}
Scrolls
 b - a scroll of blinking
 d - a scroll of immolation {unknown}
 g - 5 scrolls of remove curse {unknown}
 i - a scroll of enchant armour {unknown}
 k - 2 scrolls of amnesia {unknown}
 l - a scroll of teleportation {unknown}
 o - a scroll of identify {unknown}
 p - a scroll of magic mapping {unknown}
 q - 3 scrolls of random uselessness {unknown}
Potions
 a - a potion of magic {unknown}
 e - 2 potions of agility {unknown}
 f - a potion of flight {unknown}
 h - 2 potions of brilliance {unknown}
 m - 5 potions of heal wounds {unknown}
 n - a potion of lignification {unknown}
 r - 2 potions of curing
 s - 2 potions of haste {unknown}
 t - a potion of might {unknown}
 u - a potion of degeneration {unknown}
Comestibles
 c - 4 rations


   Skills:
 - Level 2.0 Fighting
 - Level 3.2 Dodging
 + Level 4.9 Stealth
 + Level 4.0 Unarmed Combat
 - Level 2.0 Spellcasting
 - Level 4.4 Translocations


You had 5 spell levels left.
You knew the following spells:

 Your Spells              Type           Power        Failure   Level  Hunger
a - Shroud of Golubria    Chrm/Tloc      #.....       14%         2    ###....

Your spell library contained the following spells:

 Spells                   Type           Power        Failure   Level  Hunger
 Blink                    Tloc           N/A          5%          2    ###....
 Gell's Gravitas          Tloc           ##........   11%         3    ###....
 Lesser Beckoning         Tloc           ##........   11%         3    ###....
 Teleport Other           Tloc           ##......     11%         3    ###....
 Passage of Golubria      Tloc           N/A          36%         4    #####..


Dungeon Overview and Level Annotations

Branches:
Dungeon (5/15)             Temple (1/1) D:4

Altars:
Ashenzari
Cheibriados
Dithmenos
Elyvilon
Fedhas
Gozag
Hepliaklqana
Kikubaaqudgha
Makhleb
Nemelex Xobeh
Qazlal
Ru
Sif Muna
Trog
Uskayaw
Vehumet
Wu Jian
Xom
Yredelemnul
Zin
The Shining One

Shops:
D:5 *?

Annotations:
D:3 Grinder, Sigmund


Innate Abilities, Weirdness & Mutations

You cannot wear armour.
You are incapable of wielding weapons or throwing items.
Your paws allow you to move quietly. (Stealth)
You have sharp claws.
You have razor-sharp teeth.
You have supernaturally acute eyesight. (SInv)
You are carnivorous and can eat meat at any time.
You cover ground quickly.
You are covered in fur. (AC +1)
You have a slow metabolism.
Your sharp claws are effective at attacking unaware monsters.


Message History

The scorpion is heavily wounded.
You barely miss the scorpion.
The scorpion is heavily wounded.
The scorpion barely misses you.
You closely miss the scorpion.
The scorpion is heavily wounded.
The scorpion misses you.
You scratch the scorpion.
The scorpion is severely wounded.
The scorpion completely misses you.
You scratch the scorpion but do no damage.
The scorpion is severely wounded.
The scorpion completely misses you.
You scratch the scorpion.
The scorpion is almost dead.
The scorpion stings you!
You die...
You are now level 4!
You rejoin the land of the living...
Are you sure you want to abandon this character and quit the game? (Confirm with "yes".)

......# ##.#
.#...# #.# .#
#### ###.##.##
##.......####
##>........?.##
#.........?∩..#
#.............#
#........^....#
##.....@...##
##...#...## ###
#####


There were no monsters in sight!

Vanquished Creatures
  3 worker ants (D:4)
  3 adders
  A worm (D:2)
  2 dart slugs
  3 leopard geckos
  An orc (D:4)
  3 giant cockroaches
  A goblin (D:4)
  7 hobgoblins
  4 jackals (D:4)
  3 quokkas
  A ball python (D:2)
  7 bats
  5 frilled lizards
  A kobold (D:2)
  6 rats
51 creatures vanquished.

Notes
Turn   | Place    | Note
-------+----------+-------------------------------------------
     0 | D:1      | Argons the Felid Warper began the quest for the Orb.
     0 | D:1      | Reached XP level 1. HP: 9/9 MP: 4/4
   376 | D:1      | Reached skill level 1 in Stealth
   527 | D:1      | Reached XP level 2. HP: 13/13 MP: 6/6
   532 | D:1      | Learned a level 2 spell: Shroud of Golubria
  1757 | D:2      | You fall into a shaft and drop 2 floors!
  1846 | D:4      | Found a staircase to the Ecumenical Temple.
  1858 | Temple   | Entered the Ecumenical Temple
  2004 | Temple   | Became a worshipper of Dithmenos the Shadowed
  2242 | D:3      | Noticed Grinder
  2361 | D:4      | Reached XP level 3. HP: 9/16 MP: 5/7
  2917 | D:4      | Reached XP level 4. HP: 19/19 MP: 3/8
  3947 | D:2      | Reached XP level 5. HP: 15/22 MP: 9/9
  4168 | D:2      | Found a burning altar of Makhleb.
  4174 | D:2      | Found a basalt altar of Yredelemnul.
  4179 | D:2      | Found a snail-covered altar of Cheibriados.
  4311 | D:2      | Reached * piety under Dithmenos
  4494 | D:3      | Noticed a phantom
  4724 | D:3      | Noticed Sigmund
  4805 | D:5      | Entered Level 5 of the Dungeon
  4805 | D:5      | Noticed a sky beast
  4844 | D:5      | Found Ograg's Lightly-Used Armoury.
  4855 | D:5      | Found Osmiligg's Magic Scroll Shop.
  5020 | D:5      | Slain by a scorpion
  5021 | D:5      | Reached XP level 4. HP: 0/19 MP: 8/8
  5021 | D:5      | Quit the game

Levels and vault maps discovered:
D:1:      scummos_arrival_star, layout_basic, minmay_misc_feat_alley
D:2:      layout_basic, minmay_overflow_temple_star_quad
D:3:      layout_rooms, uniq_sigmund, uniq_terence, uniq_grinder
D:4:      layout_loops_ring, minmay_temple_entry_stoned_glass
D:5:      layout_rooms, basic_altar, serial_shops, shop_scrolls, first_ration,
          minmay_shop_damaged, minivault_24
Temple:   regret_index_temple_mists

Skill      XL: |  1  2  3  4  5 |
---------------+----------------+-----
Stealth        | 1 3 4 |  4.9
Unarmed Combat | 3 4 |  4.0
Fighting       | |  2.0
Dodging        | |  3.2
Spellcasting   | |  2.0
Translocations | |  4.4

Action                   |  1- 3 |  4- 6 || total
-------------------------+-------+-------++-------
Melee: Unarmed           |    73 |    95 ||   168
       Bite              |     6 |     8 ||    14
       Punch             |       |     1 ||     1
 Cast: Shroud of Golubri |     4 |     3 ||     7
  Use: Potion            |       |     1 ||     1
 Stab: Sleeping          |     6 |    10 ||    16
       Distracted        |       |     2 ||     2
  Eat: Chunk             |    11 |     3 ||    14
Armor: Skin              |     1 |     5 ||     6
Dodge: Dodged            |    53 |    70 ||   123

Table legend:
 A = Non-vault XP
 B = Vault XP
 C = Vault XP percentage of total XP
 D = Non-vault monster count
 E = Vault monster count
 F = Vault count percentage of total count
                 A         B        C        D         E       F
            +---------+---------+-------+---------+---------+-------
      Total |     224 |       0 |   0.0 |      51 |       0 |   0.0
            +---------+---------+-------+---------+---------+-------
        D:1 |      19 |       0 |   0.0 |      11 |       0 |   0.0
        D:2 |      66 |       0 |   0.0 |      22 |       0 |   0.0
        D:3 |       4 |       0 |   0.0 |       2 |       0 |   0.0
        D:4 |     135 |       0 |   0.0 |      16 |       0 |   0.0
            +---------+---------+-------+---------+---------+-------
